 Dungeon Crawl Stone Soup version 0.17.1-3-g152610e (webtiles) character file.

132 Rkyn the Cudgeler (level 5, -4/55 HPs)
             Began as an Ogre Berserker on Apr 8, 2016.
             Was a Believer of Trog.
             Slain by a centaur (6 damage)
             ... on level 4 of the Dungeon.
             The game lasted 00:10:46 (2337 turns).

Rkyn the Cudgeler (Ogre Berserker)                  Turns: 2337, Time: 00:10:46

Health: -4/55      AC:  3    Str: 23      XL:     5   Next: 15%
Magic:  5/5        EV: 11    Int:  4 (6)  God:    Trog [**....]
Gold:   136        SH:  0    Dex:  9      Spells: 0 memorised, 4 levels left

rFire  . . .     SeeInvis .     a - +0 mace
rCold  . . .     Clarity  +     b - +0 animal skin
rNeg   . . .     SustAt   .     (no shield)
rPois  .         Gourm    .     (helmet restricted)
rElec  .         Spirit   .     (no cloak)
rCorr  .         Warding  .     (gloves unavailable)
rMut   .         Stasis   .     (boots unavailable)
MR     .....                    e - amulet of clarity
Stlth  +.........               (no ring)
                                (no ring)

@: not resistant to hostile enchantments, very unstealthy
A: unfitting armour, tough skin 1
a: Berserk, Trog's Hand, Burn Spellbooks, Renounce Religion


You were on level 4 of the Dungeon.
You worshipped Trog.
Trog was pleased with you.
You were not hungry.

You visited 1 branch of the dungeon, and saw 4 of its levels.

You collected 136 gold pieces.

Inventory:

Hand Weapons
 a - a +0 mace (weapon)
Armour
 b - a +0 animal skin (worn)
 o - a +0 robe
Jewellery
 e - an amulet of clarity (around neck)
Wands
 m - a wand of confusion (5)
 n - a wand of slowing (14)
Scrolls
 d - 3 scrolls of remove curse {unknown}
 g - 4 scrolls of identify {unknown}
 h - a scroll of immolation {unknown}
 j - a scroll of amnesia {unknown}
Potions
 f - a potion of flight {unknown}
Comestibles
 c - a bread ration
 i - 2 meat rations
 k - a royal jelly


   Skills:
 + Level 4.7 Fighting
 + Level 5.2 Maces & Flails
 + Level 4.2 Dodging


You had 4 spell levels left.
You didn't know any spells.

Dungeon Overview and Level Annotations

Branches:
Dungeon (4/15)
 Temple: D:4-7

Altars:
Cheibriados
Elyvilon
Kikubaaqudgha
The Shining One


Innate Abilities, Weirdness & Mutations

You are too large for most types of armour.
You have tough skin (AC +1).


Message History

Drink which item? (? for menu, Esc to quit)
You feel better.
The centaur shoots an arrow.
The arrow completely misses you.
The centaur unwields an uncursed shortbow.
The centaur hits you.
* * * LOW HITPOINT WARNING * * *
The centaur hits you!
* * * LOW HITPOINT WARNING * * *
You hit the centaur.
The centaur is moderately wounded.
The centaur hits you.
* * * LOW HITPOINT WARNING * * *
The centaur hits you.
* * * LOW HITPOINT WARNING * * *
You hit the centaur but do no damage.
The centaur is moderately wounded.
The centaur hits you but does no damage.
You barely miss the centaur.
The centaur is moderately wounded.
The centaur closely misses you. The centaur hits you.
You die...

##...######.#####.#
##..### ### ###
#..########
#.###.....##
#####.##)..<...#
#..?.†.(†......#
#.#.#...(......###
#..#...(........
#(......@...#(.
#..#?##..c.#....
#....##.#..# ###
#............
.....##.##.... .###
#.# ...... ...
.....# .. ..#..#


You could see a centaur.

Vanquished Creatures
  Terence (D:3)
  5 adders
  2 worms (D:2)
  2 giant geckos
  3 orcs
  A giant cockroach (D:2)
  3 goblins
  4 hobgoblins
  4 jackals (D:1)
  A quokka (D:4)
  4 ball pythons
  5 bats
  3 giant newts
  10 kobolds
  3 rats
51 creatures vanquished.

Notes
Turn   | Place    | Note
--------------------------------------------------------------
     0 | D:1      | Rkyn the Ogre Berserker began the quest for the Orb.
     0 | D:1      | Reached XP level 1. HP: 24/24 MP: 1/1
   105 | D:1      | Reached XP level 2. HP: 13/32 MP: 2/2
   776 | D:2      | Reached XP level 3. HP: 14/40 MP: 3/3
  1158 | D:2      | Reached ** piety under Trog
  1209 | D:2      | HP: 2/40 [poisoned by an adder]
  1458 | D:2      | Reached XP level 4. HP: 46/49 MP: 4/4
  1546 | D:2      | Found a white marble altar of Elyvilon.
  1918 | D:3      | Found an ancient bone altar of Kikubaaqudgha.
  1918 | D:3      | Found a glowing golden altar of the Shining One.
  1945 | D:3      | Noticed Terence
  1953 | D:3      | Killed Terence
  1953 | D:3      | Reached skill level 5 in Maces & Flails
  2123 | D:3      | Found a snail-covered altar of Cheibriados.
  2131 | D:3      | Reached XP level 5. HP: 49/55 MP: 5/5
  2327 | D:4      | Noticed a centaur
  2335 | D:4      | HP: 1/55 [centaur (6)]
  2337 | D:4      | Slain by a centaur

Action                   |  1- 3 |  4- 6 || total
-------------------------+-------+-------++-------
Melee: Mace              |   114 |    54 ||   168
Invok: Berserk           |       |     2 ||     2
  Use: Potion            |     3 |     1 ||     4
  Eat: Bread ration      |     2 |       ||     2
       Beef jerky        |     1 |       ||     1
